 Seeded DCSS version 0.28-a0-1624-g820543e53a (webtiles) character file.

Game seed: 1200905716526820708 (custom seed)

45 innerfire433 the Ducker (level 3, 0/31 HPs)
             Began as a Djinni Monk on Jan 23, 2022.
             Was an Initiate of Ashenzari.
             Slain by an adder (2 damage)
             ... on level 2 of the Dungeon.
             The game lasted 00:02:56 (1568 turns).

innerfire433 the Ducker (Djinni Monk)               Turns: 1568, Time: 00:02:56

Health: 0/31       AC:  2    Str: 12    XL:     3   Next: 90%
Gold:   76         EV: 13    Int: 17    God:    Ashenzari [......] SH:  0 Dex: 15

rFire   + + .      SeeInvis .   a - +0 spear
rCold   x . .      Faith    .   (no shield)
rNeg    . . .      Spirit   .   b - +0 robe
rPois   ∞          Reflect  .   (no helmet)
rElec   .          Harm     .   (no cloak)
rCorr   .          Rampage  .   (no gloves)
Will    .....                   (boots unavailable)
Stlth   ++........              (no amulet)
HPRegen 0.10/turn               e - ring of the Cursed Discomfort {Int+6, Self, Cun} (curse)
MPRegen 0.00/turn               (no ring)

@: flying
A: sickness immunity, fire resistance 2, cold vulnerability 1, float, innate
caster, hp casting, extra vitality 1
a: Renounce Religion, Shatter the Chains


You were on level 2 of the Dungeon.
You worshipped Ashenzari.
Ashenzari was noncommittal.
You visited 1 branch of the dungeon, and saw 2 of its levels.

You collected 76 gold pieces.

Inventory:

Hand Weapons
 a - a +0 spear (weapon)
Armour
 b - a +0 robe (worn)
Jewellery
 e - the cursed ring of the Cursed Discomfort (left hand) {Int+6, Self, Cun}
   (You found it on level 1 of the Dungeon)

   [ring of intelligence]

   Int:       It affects your intelligence (+6).
   It has a curse which improves the following skills: Introspection: Fighting
   and Spellcasting.
   Cunning:   Dodging and Stealth.
 g - a ring of resist corrosion
 h - a ring of see invisible
Scrolls
 d - a scroll of fog {unknown}
 j - a scroll of blinking {unknown}
 k - a scroll of enchant armour {unknown}
Potions
 c - a potion of flight {unknown}
 f - a potion of berserk rage {unknown}
 i - a potion of curing {unknown}
 l - 2 potions of mutation {unknown}
 m - a potion of lignification {unknown}


   Skills:
 + Level 3.4(3.8) Fighting
 + Level 2.7 Polearms
 + Level 3.7(4.1) Dodging
 - Level 2.0(2.3) Stealth
 * Level 0.6(0.9) Spellcasting


You had 2 spell levels left.
You knew the following spells:

 Your Spells              Type           Power      Damage    Failure   Level
a - Sting                 Tmut/Pois      12%        1d3       16%         1
Your spell library was empty.

Dungeon Overview and Level Annotations

Branches:
Dungeon (2/15)

Altars:
Ashenzari
Uskayaw

Shops:
D:2 [


Innate Abilities, Weirdness & Mutations

You are immune to sickness and miasma.
You are immune to poison.
Your flesh is very heat resistant. (rF++)
You are vulnerable to cold. (rC-)
You float through the air rather than walking.
You learn spells naturally, not from books.
Your magical power is your life essence.
You have superior vitality. (+4 MHP)


Message History

There is an open door here.
A hobgoblin is nearby!
An adder comes into view.
An adder comes into view.
The hobgoblin shouts!
The adder hisses angrily. x2
You hit the hobgoblin but do no damage. The hobgoblin misses you.
You closely miss the hobgoblin. The hobgoblin closely misses you.
You closely miss the hobgoblin. The hobgoblin hits you.
You hit the hobgoblin.
The hobgoblin is severely wounded.
The hobgoblin hits you.
You hit the hobgoblin.
You kill the hobgoblin!
The adder bites you.
You closely miss the adder. You punch the adder, but do no damage.
The adder bites you. x2; The adder barely misses you.
You barely miss the adder. The adder barely misses you. The adder bites you.
The adder closely misses you.
You are too injured to fight recklessly!
You are too injured to fight recklessly!
You are too injured to fight recklessly!
You are too injured to fight recklessly!
The adder completely misses you. The adder bites you. The adder bites you.
* * * LOW HITPOINT WARNING * * *
There is an open door here.
The adder bites you but does no damage.
You closely miss the adder. The adder completely misses you.
You miss the adder. You barely miss the adder. The adder bites you.
* * * LOW HITPOINT WARNING * * *
The adder closely misses you.
You barely miss the adder. The adder bites you.
* * * LOW HITPOINT WARNING * * *
The adder misses you.
You hit the adder.
The adder is heavily wounded.
The adder bites you.
You die...

#.................# #.#
#.............###.....#
#............ #...
#............ #.#
#.....+#########
#.._...#.......#
#......#.......#
#......#.......+
#####S@#.......# #####
###S#........ .....
#............ #####
#............
#..$.........
#............
#............
#............
#............


You could see 2 adders.

Vanquished Creatures
  An adder (D:2)
  A dart slug (D:1)
  4 ball pythons (D:1)
  2 endoplasms (D:1)
  A giant cockroach (D:1)
  2 goblins
  4 hobgoblins
  2 jackals (D:1)
  6 kobolds (D:1)
  A quokka (D:2)
  4 bats
  A frilled lizard (D:2)
29 creatures vanquished.

Notes
Turn   | Place    | Note
-------+----------+-------------------------------------------
     0 | D:1      | innerfire433 the Djinni Monk began the quest for the Orb.
     0 | D:1      | Reached XP level 1. HP: 20/20 MP: 0/0
   166 | D:1      | Reached XP level 2. HP: 25/25 MP: 0/0
   585 | D:1      | Reached XP level 3. HP: 24/30 MP: 0/0
   585 | D:1      | Learned a level 1 spell: Sting
   774 | D:1      | Found a faded altar of an unknown god.
   877 | D:1      | Prayed at the altar of an unknown god.
   877 | D:1      | Became a worshipper of Ashenzari the Shackled
  1498 | D:2      | Found Foisomm's Antique Armour Boutique.
  1537 | D:2      | Found a hide-covered altar of Uskayaw.
  1568 | D:2      | Slain by an adder

Illustrated notes

Levels and vault maps discovered:
D:1:      ebering_hopf_link, layout_basic, shapermc_ecumenical_altar_hornbeckon
D:2:      layout_basic, basic_altar, serial_shops, shop, hex_large,
          minmay_tree_intersection, minmay_quantized

Skill      XL: |  1  2  3 |
---------------+----------+-----
Stealth        | 2 |  2.0
Fighting       | |  3.4
Polearms       | |  2.7
Dodging        | |  3.7
Spellcasting   | |  0.6

Action                   || total
-------------------------++-------
Melee: Spear             ||   115
       Punch             ||     1
Invok: Curse Item        ||     1
 Stab: Sleeping          ||     6
Armor: Robe              ||    14
Dodge: Dodged            ||    64

Table legend: (Time is in decaauts)
 A = Elapsed time spent in this place.
 B = Non-inter-level travel time spent in this place.
 C = Inter-level travel time spent in this place.
 D = Time resting spent in this place.
 E = Time spent auto-exploring this place.
 F = Levels seen in this place.
 G = Mean time per level.
                   A        B        C        D        E       F      G
               +--------+--------+--------+--------+--------+-----+--------+
         Total |   1564 |   1486 |     78 |      0 |   1255 |   2 |  782.0 |
       Dungeon |   1564 |   1486 |     78 |      0 |   1255 |   2 |  782.0 |
               +--------+--------+--------+--------+--------+-----+--------+

Top non-repeatable levels by time:
     D:1: 1300 daAuts
     D:2: 263 daAuts
